 Dungeon Crawl Stone Soup version 0.27-a0-1084-g78b3836a5f (webtiles) character file.

Game seed: 7168595627753138703

113 kae the Ruffian (level 4, -2/36 HPs)
             Began as a Draconian Transmuter on Apr 26, 2021.
             Killed from afar by Sigmund (10 damage)
             ... with a puff of flame
             ... on level 3 of the Dungeon.
             The game lasted 00:02:16 (3057 turns).

kae the Ruffian (Draconian Transmuter)              Turns: 3057, Time: 00:02:16

Health: -2/36      AC:  2    Str: 13    XL:     4   Next: 65%
Magic:  1/7        EV: 19    Int: 14    God:
Gold:   156        SH:  0    Dex: 16    Spells: 3/7 levels left

rFire    . . .     SeeInvis .     - Unarmed
rCold    . . .     Faith    .   (shield currently unavailable)
rNeg     . . .     Spirit   .   (armour unavailable)
rPois    x         Reflect  .   (helmet currently unavailable)
rElec    .         Harm     .   (cloak currently unavailable)
rCorr    .         Rampage  .   (gloves currently unavailable)
Will     .....                  (boots currently unavailable)
Stlth    +.........             (no amulet)
HPRegen  0.12/turn              (no ring)
MPRegen  0.10/turn              (no ring)

@: spider-form (expiring)
A: venomous fangs, AC +5, tiny, unfitting armour, (cold-blooded)
a: End Transformation


You were on level 3 of the Dungeon.
You were a venomous arachnid creature.
You visited 1 branch of the dungeon, and saw 3 of its levels.

You collected 156 gold pieces.

Inventory:

Armour
 a - a +0 pair of boots (melded)
Jewellery
 f - a ring of see invisible
Wands
 e - a wand of flame (10)
Potions
 b - a potion of invisibility
 c - 2 potions of brilliance {unknown}
 d - a potion of curing {unknown}


   Skills:
 + Level 2.0 Fighting
 + Level 2.2 Dodging
 * Level 3.9 Unarmed Combat
 + Level 2.3 Spellcasting
 * Level 2.9 Transmutations
 * Level 1.1 Poison Magic


You had 3 spell levels left.
You knew the following spells:

 Your Spells              Type           Power      Damage    Failure   Level
a - Beastly Appendage     Tmut           18%        N/A       19%         1
b - Spider Form           Tmut/Pois      3%         N/A       52%         3

Your spell library contained the following spells:

 Spells                   Type           Power      Damage    Failure   Level
 Wereblood                Tmut           9%         N/A       26%         2
 Animate Skeleton         Necr           2%         N/A       43%         1
 Apportation              Tloc           2%         N/A       43%         1
 Corona                   Hex            1%         N/A       43%         1
 Summon Small Mammal      Summ           4%         N/A       43%         1
 Ice Form                 Ice/Tmut       5%         N/A       90%         4
 Hydra Form               Tmut           4%         N/A       96%         5


Dungeon Overview and Level Annotations

Branches:
Dungeon (3/15)

Altars:

Annotations:
D:3 Robin, Sigmund


Innate Abilities, Weirdness & Mutations

You are a venomous arachnid creature.
You have poisonous fangs.
You are tiny and dextrous.
Your spellcasting is less reliable in this form.
Your armour is entirely melded.
You are incapable of wielding weapons or throwing items.
((Your plain brown scales are hard. (AC +5)))
You cannot fit into any form of body armour.
((You are cold-blooded and may be slowed by cold attacks.))


Message History

You miscast Spider Form.
You are very lightly contaminated with residual magic.
Nothing appears to happen.
Casting: Spider Form (quite dangerous; 30% risk of failure)
Confirm with . or Enter, or press ? or * to list all spells.
The spell is quite dangerous to cast (30% risk of failure)!
Continue anyway? [Y]es or [N]o only, please.
The spell is quite dangerous to cast (30% risk of failure)!
Continue anyway?
You turn into a venomous arachnid creature.
Your +0 pair of boots melds into your body.
Sigmund casts a spell at you. You resist with some effort.
Your transformation is almost over.
Sigmund hits you with a +0 scythe!
You closely miss Sigmund.
Sigmund is suddenly surrounded by pale green light.
Sigmund hits you with a +0 scythe!
You hit Sigmund.
Sigmund is poisoned.
Sigmund is lightly wounded.
Sigmund completely misses you.
You hit Sigmund.
Sigmund looks even sicker.
Sigmund is moderately wounded.
Sigmund completely misses you.
You hit Sigmund but do no damage.
Sigmund is moderately wounded.
Sigmund laughs darkly.
Sigmund closely misses you.
You hit Sigmund.
Sigmund looks as sick as possible!
Sigmund is heavily wounded.
Sigmund casts a spell at himself.
Sigmund flickers and vanishes!
Deactivating autopickup; reactivate with Ctrl-A.
Your magical contamination has completely faded away.
You hit something. Something hits you!
* * * LOW HITPOINT WARNING * * *
You hit something.
You hear some strange, mumbled words.
A puff of flame appears from out of thin air!
The puff of flame hits you!
You die...

...####..###.#.#.###.## ..
#..###.#.#.###.#
................#
.........#.#.#####
####..###.#.#.#
.####..###.#.#.#
..........#.#.# .. ..>.
.... #.#.#.#
...#...####.####s#.#.#
..#......>..w.{.#.#.# .
...........###.#.#.#
..##...####.####.#.#.######
..............)...........#
..........#@####.#.#.######
.......................
..##...##.######.###.###
............ ...# .#


You could see a dart slug.

Vanquished Creatures
  3 gnolls
  2 adders
  A worm (D:2)
  2 dart slugs (D:1)
  6 bats
  9 endoplasms
  2 giant cockroaches (D:1)
  6 goblins
  8 hobgoblins
  5 kobolds
  A quokka (D:3)
  2 ball pythons (D:2)
  4 frilled lizards
  A rat (D:2)
52 creatures vanquished.

Notes
Turn   | Place    | Note
-------+----------+-------------------------------------------
     0 | D:1      | kae the Draconian Transmuter began the quest for the Orb.
     0 | D:1      | Reached XP level 1. HP: 16/16 MP: 3/3
   110 | D:1      | Reached XP level 2. HP: 10/23 MP: 3/5
   603 | D:1      | Found a faded altar of an unknown god.
  1039 | D:2      | Reached XP level 3. HP: 28/28 MP: 4/6
  1700 | D:1      | Learned a level 3 spell: Spider Form
  1807 | D:1      | Reached XP level 4. HP: 16/36 MP: 3/7
  2572 | D:3      | Reached skill level 1 in Poison Magic
  2624 | D:3      | Noticed Robin
  3035 | D:3      | Noticed Sigmund
  3057 | D:3      | Killed from afar by Sigmund

Illustrated notes

Levels and vault maps discovered:
D:1:      ncdulo_lavacross, layout_rooms, ebering_ecumenical_altar_mist,
          minmay_misc_feat_diagonals
D:2:      layout_basic
D:3:      layout_basic, uniq_robin, uniq_sigmund

Skill      XL: |  1  2  3  4 |
---------------+-------------+-----
Dodging        | 2 |  2.2
Fighting       | 2 |  2.0
Poison Magic   | 1 |  1.1
Unarmed Combat | |  3.9
Spellcasting   | |  2.3
Transmutations | |  2.9

Action                   |  1- 3 |  4- 6 || total
-------------------------+-------+-------++-------
Melee: Unarmed           |    99 |    48 ||   147
       Kick              |     7 |     8 ||    15
       Tailslap          |     5 |     2 ||     7
       Headbutt          |     8 |     4 ||    12
       Punch             |       |     1 ||     1
 Cast: Beastly Appendage |    15 |    12 ||    27
       Spider Form       |     2 |     3 ||     5
  Use: Scroll            |     2 |     2 ||     4
Armor: Skin              |    22 |    12 ||    34
Dodge: Dodged            |    86 |    30 ||   116

Table legend: (Time is in decaauts)
 A = Elapsed time spent in this place.
 B = Non-inter-level travel time spent in this place.
 C = Inter-level travel time spent in this place.
 D = Time resting spent in this place.
 E = Time spent auto-exploring this place.
 F = Levels seen in this place.
 G = Mean time per level.
                   A        B        C        D        E       F      G
               +--------+--------+--------+--------+--------+-----+--------+
         Total |   3055 |   3004 |     51 |     96 |   2367 |   3 | 1018.3 |
       Dungeon |   3055 |   3004 |     51 |     96 |   2367 |   3 | 1018.3 |
               +--------+--------+--------+--------+--------+-----+--------+

Top non-repeatable levels by time:
     D:2: 1469 daAuts
     D:1: 1307 daAuts
     D:3: 278 daAuts
